 Dungeon Crawl Stone Soup version 0.27.1 (webtiles) character file.

Game seed: 6496013342961889275

2625 ZARRMARR the Frost Mage (level 9, -2/63 HPs)
             Began as a Merfolk Ice Elementalist on Aug 22, 2021.
             Was a Follower of Sif Muna.
             Slain by a gnoll sergeant (4 damage)
             ... on level 7 of the Dungeon.
             The game lasted 00:52:07 (9253 turns).

ZARRMARR the Frost Mage (Merfolk Ice Elementalist)  Turns: 9253, Time: 00:52:07

Health: -2/63      AC:  6    Str:  9    XL:     9   Next: 60%
Magic:  8/18       EV: 14    Int: 17    God:    Sif Muna [*.....]
Gold:   287        SH:  0    Dex: 14    Spells: 13/20 levels left

rFire    . . .     SeeInvis .   b - +2 halberd (freeze)
rCold    . . .     Faith    .   (shield currently unavailable)
rNeg     . . .     Spirit   .   a - +0 robe
rPois    .         Reflect  .   p - +1 helmet
rElec    .         Harm     .   k - +0 cloak
rCorr    .         Rampage  .   f - +0 pair of gloves
Will     .....                  (no boots)
Stlth    +++.......             h - amulet of the acrobat
HPRegen  0.20/turn              (no ring)
MPRegen  0.16/turn              (no ring)

@: no status effects
A: (nimble swimmer 2), mertail
a: Renounce Religion, Channel Magic


You were on level 7 of the Dungeon.
You worshipped Sif Muna.
Sif Muna was aware of your devotion.
You visited 1 branch of the dungeon, and saw 7 of its levels.

You collected 287 gold pieces.

Inventory:

Hand Weapons
 b - a +2 halberd of freezing (weapon)
 j - a +4 quarterstaff of chaos
Missiles
 c - 113 stones (quivered)
 d - 29 poisoned darts
 i - 6 javelins
Armour
 a - a +0 robe (worn)
 f - a +0 pair of gloves (worn)
 k - a +0 cloak (worn)
 p - a +1 helmet (worn)
Jewellery
 h - an amulet of the acrobat (around neck)
 r - a ring of wizardry
 v - a ring of fire
Wands
 m - a wand of flame (18)
Scrolls
 g - 3 scrolls of holy word
 o - a scroll of enchant armour
 q - 2 scrolls of immolation
 t - a scroll of vulnerability
 u - a scroll of amnesia
Potions
 e - 3 potions of brilliance
 n - 2 potions of curing


   Skills:
 + Level 3.1 Fighting
 + Level 7.6 Polearms
 + Level 5.7 Dodging
 + Level 4.2 Stealth
 + Level 6.4 Spellcasting
 - Level 8.6 Ice Magic
 * Level 2.7 Invocations


You had 13 spell levels left.
You knew the following spells:

 Your Spells              Type           Power      Damage    Failure   Level
a - Freeze                Ice            100%       1d11      1%          1
b - Frozen Ramparts       Ice            68%        1d8       1%          3
c - Ozocubu's Armour      Ice            34%        N/A       1%          3

Your spell library contained the following spells:

 Spells                   Type           Power      Damage    Failure   Level
 Animate Skeleton         Necr           10%        N/A       12%         1
 Magic Dart               Conj           20%        1d4       12%         1
 Pain                     Necr           20%        1d5       12%         1
 Shock                    Conj/Air       20%        1d4       12%         1
 Call Imp                 Summ           5%         N/A       19%         2
 Hailstorm                Conj/Ice       20%        3d6       21%         4
 Gell's Gravitas          Tloc           2%         N/A       36%         3
 Mephitic Cloud           Conj/Pois/Air  5%         N/A       36%         3
 Swiftness                Air            5%         N/A       36%         3
 Teleport Other           Tloc           5%         N/A       36%         3
 Vampiric Draining        Necr           2%         2d6       36%         3
 Airstrike                Air            2%         N/A       77%         4
 Dispersal                Tloc           2%         N/A       100%        6


Dungeon Overview and Level Annotations

Branches:
Dungeon (7/15)             Temple (0/1) D:6

Altars:
Cheibriados
Dithmenos
Gozag
Kikubaaqudgha
Makhleb
Ru
Sif Muna
Trog
Vehumet

Shops:
D:5 [[[:


Innate Abilities, Weirdness & Mutations

((You are quick and stealthy near water. (Stealth+, EV+, Speed+++)))
Your lower body shifts to a powerful aquatic tail in water.


Message History

Press: ? - help, Q - select action, (/) - cycle Shift-Dir - straight line, f - gnoll
Aim: a gnoll, wielding a +0 spear and quivering stones (63% to hit)
You throw a stone.
The stone hits the gnoll but does no damage.
Unknown command.
Unknown command.
You hit the gnoll sergeant. You freeze the gnoll sergeant.
The gnoll sergeant is lightly wounded.
The frozen ramparts melt away.
The gnoll sergeant hits you but does no damage.
Casting: Frozen Ramparts (safe; 1% risk of failure)
Confirm with . or Enter, or press ? or * to list all spells.
Okay, then.
Unknown command.
Casting: Frozen Ramparts (safe; 1% risk of failure)
Confirm with . or Enter, or press ? or * to list all spells.
Casting: Frozen Ramparts (safe; 1% risk of failure)
Press: ? - help, Dir - look around, f - activate The walls around you are covered in ice.
The wall freezes the gnoll sergeant!
The gnoll sergeant hits you with a +4 spear of freezing.
* * * LOW HITPOINT WARNING * * *
The gnoll sergeant freezes you.
* * * LOW HITPOINT WARNING * * *
The wall freezes the gnoll.
The gnoll hits you but does no damage.
It was a potion of cancellation.
Your magical effects are unravelling.
You feel magically purged.
You feel less wooden.
Your +0 cloak unmelds from your body.
Your +1 helmet unmelds from your body.
Your +0 pair of gloves unmelds from your body.
Your +0 robe unmelds from your body.
The frozen ramparts melt away.
The sentinel's mark upon you fades away.
The gnoll sergeant misses you.
The gnoll hits you from afar with a +0 spear.
* * * LOW HITPOINT WARNING * * *
As you read the scroll labelled QISSERICOE, it crumbles to dust.
The scroll dissolves into smoke.
It was a scroll of fog.
The gnoll sergeant hits you with a +4 spear of freezing.
You die...

..........# ..........#
..........# ..........#
..........# #
..........# .#
..........#.######§##(.^
.<........#...§§§gg((..≈
..........### #§@#
#...........# #§§#
#.####....#.# #§§#
#.#.......#.###..#
#.##..#.#.#......#
..#...#.#.######...#
##### #.#.# ###....
..#.. .### # ### #


You could see a gnoll sergeant and a gnoll.

Vanquished Creatures
  Harold (D:7)
  2 black bears (D:6)
  An ice beast (D:6)
  A sky beast (D:6)
  3 ogres
  A necrophage (D:6)
  2 phantoms
  A bullfrog (D:7)
  3 scorpions
  A wyvern skeleton (D:7)
  A water moccasin zombie (D:6)
  A water moccasin skeleton (D:6)
  A bullfrog zombie (D:6)
  A centaur skeleton (D:6)
  A hound (D:4)
  3 jellies
  An orc priest (D:3)
  Crazy Yiuf (D:2)
  A bullfrog skeleton (D:6)
  3 iguanas
  3 orc wizards
  A mummy (D:6)
  Robin (D:3)
  6 adders
  8 gnolls
  A shadow imp (D:6)
  A white imp (D:6)
  An ufetubus (D:6)
  A worm (D:3)
  2 dart slugs
  14 orcs
  5 ball pythons
  8 bats
  7 endoplasms
  A giant cockroach (D:2)
  6 hobgoblins
  6 kobolds
  6 quokkas
  6 frilled lizards
  13 goblins
  7 rats
134 creatures vanquished.

Notes
Turn   | Place    | Note
-------+----------+-------------------------------------------
     0 | D:1      | ZARRMARR the Merfolk Ice Elementalist began the quest for
                  | the Orb.
     0 | D:1      | Reached XP level 1. HP: 13/13 MP: 3/3
   325 | D:1      | Found a faded altar of an unknown god.
   381 | D:1      | Reached XP level 2. HP: 19/19 MP: 3/5
   536 | D:1      | Reached skill level 5 in Ice Magic
   765 | D:1      | Reached XP level 3. HP: 9/24 MP: 1/6
  1585 | D:2      | Reached XP level 4. HP: 25/30 MP: 2/7
  1615 | D:2      | Noticed a scorpion
  1623 | D:2      | Killed a scorpion
  1624 | D:2      | Reached XP level 5. HP: 16/35 MP: 1/9
  2174 | D:2      | Found a runed translucent door.
  2175 | D:2      | Noticed Crazy Yiuf
  2513 | D:2      | Killed Crazy Yiuf
  2514 | D:2      | Reached skill level 6 in Ice Magic
  2627 | D:2      | Learned a level 3 spell: Frozen Ramparts
  2699 | D:3      | Found an ancient bone altar of Kikubaaqudgha.
  3127 | D:3      | Found a bloodstained altar of Trog.
  3409 | D:3      | Found a large runed translucent door.
  3410 | D:3      | Found a large runed translucent door.
  3523 | D:3      | Found a burning altar of Makhleb.
  3547 | D:3      | Found a shimmering blue altar of Sif Muna.
  3555 | D:3      | Became a worshipper of Sif Muna the Loreminder
  3613 | D:4      | Noticed an ogre
  3625 | D:4      | Killed an ogre
  3626 | D:4      | Reached skill level 1 in Polearms
  3626 | D:4      | Reached XP level 6. HP: 23/41 MP: 5/11
  4243 | D:4      | Found an opulent altar of Gozag.
  4356 | D:4      | Noticed Robin
  4434 | D:3      | Reached XP level 7. HP: 23/47 MP: 9/13
  4435 | D:3      | Reached skill level 7 in Ice Magic
  4635 | D:3      | Killed Robin
  4754 | D:4      | Reached * piety under Sif Muna
  5187 | D:4      | Found a sacrificial altar of Ru.
  5225 | D:4      | Learned a level 3 spell: Ozocubu's Armour
  5282 | D:5      | Entered Level 5 of the Dungeon
  5369 | D:5      | Found Hutag's Antique Armour Shop.
  5393 | D:5      | Found Puwushru's Armour Boutique.
  5595 | D:5      | Reached skill level 1 in Fighting
  5919 | D:5      | Found a radiant altar of Vehumet.
  5924 | D:5      | Found a shadowy altar of Dithmenos.
  5982 | D:5      | Found Dycrauf's Antique Armour Boutique.
  6110 | D:5      | Found Amasew's Book Boutique.
  6404 | D:5      | Reached skill level 5 in Spellcasting
  6404 | D:5      | Reached XP level 8. HP: 44/54 MP: 7/15
  6629 | D:6      | Reached skill level 8 in Ice Magic
  6763 | D:6      | Found a snail-covered altar of Cheibriados.
  7009 | D:6      | Found a staircase to the Ecumenical Temple.
  7272 | D:6      | Reached skill level 5 in Dodging
  7644 | D:6      | Reached skill level 5 in Polearms
  8210 | D:6      | Reached XP level 9. HP: 48/61 MP: 16/18
  9014 | D:7      | Reached skill level 1 in Invocations
  9233 | D:7      | Noticed Harold
  9244 | D:7      | Killed Harold
  9252 | D:7      | HP: 2/63 [gnoll (2)]
  9253 | D:7      | Slain by a gnoll sergeant

Illustrated notes

Levels and vault maps discovered:
D:1:      beargit_arrival_diablo_church, layout_basic,
          ebering_ecumenical_altar_petrified
D:2:      layout_rooms, hangedman_decor_growths, minmay_pentomino_s4,
          uniq_crazy_yiuf_cottage
D:3:      kennysheep_big_flooded_room, layout_rooms,
          nicolae_kikubaaqudgha_miasma_corner,
          mainiacjoe_overflow_concentric_impassable, jmf_multi_god_temple2
D:4:      layout_cave_pools, grunt_gozag_statues,
          nicolae_ru_the_path_less_chosen, uniq_robin
D:5:      layout_gridville, mainiacjoe_overflow_big_doors, serial_shops,
          nicolae_square_shop, shop_statue, shop_fountains, shop,
          kennysheep_generic_room_3
D:6:      layout_basic, slow_altar_1, minmay_temple_entry_glassed_door,
          st_stairs_2, grunt_tough_drop
D:7:      layout_basic, grunt_qazlal_sundering, uniq_harold

Skill      XL: |  1  2  3  4  5  6  7  8  9 |
---------------+----------------------------+-----
Ice Magic      | 5 6 7 8 |  8.6
Dodging        | 3 4 5 |  5.7
Spellcasting   | 3 4 5 6 |  6.4
Polearms       | 1 3 5 7 |  7.6
Fighting       | 1 2 3 |  3.1
Stealth        | 3 4 |  4.2
Invocations    | 2 |  2.7

Action                   |  1- 3 |  4- 6 |  7- 9 || total
-------------------------+-------+-------+-------++-------
Melee: Unarmed           |     1 |       |       ||     1
       Dagger            |     2 |       |       ||     2
       Halberd           |       |    39 |   130 ||   169
Throw: Stone             |    38 |    89 |    77 ||   204
       Dart              |       |       |     5 ||     5
 Cast: Freeze            |    48 |    79 |    49 ||   176
       Frozen Ramparts   |       |       |    13 ||    13
       Ozocubu's Armour  |       |       |     1 ||     1
Evoke: Wand              |       |       |     5 ||     5
  Use: Scroll            |     2 |     6 |     5 ||    13
       Potion            |       |     3 |     2 ||     5
 Stab: Sleeping          |     1 |     1 |     7 ||     9
       Invisible         |       |     1 |       ||     1
Armor: Robe              |     5 |    13 |    48 ||    66
       Skin              |       |       |     4 ||     4
Dodge: Dodged            |    19 |    57 |    91 ||   167
